 Dungeon Crawl Stone Soup version 0.29-a0-207-gf982a884d8 (webtiles) character file.

Game seed: 13957361087127405248

111 bande the Covered (level 4, -1/29 HPs)
             Began as a Gargoyle Fighter on Feb 24, 2022.
             Slain by a gnoll
             ... wielding a +0 flail
              (3 damage)
             ... on level 1 of the Dungeon.
             The game lasted 00:05:32 (2427 turns).

bande the Covered (Gargoyle Fighter)                Turns: 2427, Time: 00:05:32

Health: -1/29      AC: 15    Str: 17    XL:     4   Next: 92%
Magic:  4/4        EV:  4    Int:  9    God:
Gold:   55         SH:  5    Dex: 13    Spells: 3/3 levels left

rFire   + . .      SeeInvis .   a - +1 war axe
rCold   . . .      Faith    .   c - +0 buckler
rNeg    + . .      Spirit   .   b - +0 plate armour
rPois   ∞          Reflect  .   (helmet restricted)
rElec   +          Harm     .   (no cloak)
rCorr   .          Rampage  .   (no gloves)
Will    .....                   (no boots)
Stlth   ..........              (no amulet)
HPRegen 0.09/turn               f - ring of protection from fire
MPRegen 0.09/turn               (no ring)

@: no status effects
A: sickness immunity, AC +3, negative energy resistance 1, electricity
resistance, torment resistance 1, petrification resistance, antennae 1, agile 1,
weak 1, evolution 1
a: no special abilities


You were on level 1 of the Dungeon.
You visited 1 branch of the dungeon, and saw 2 of its levels.

You collected 55 gold pieces.

Inventory:

Hand Weapons
 a - a +1 war axe (weapon)
Missiles
 h - a throwing net (quivered)
Armour
 b - a +0 plate armour (worn)
 c - a +0 buckler (worn)
Jewellery
 f - a ring of protection from fire (left hand)
Potions
 d - a potion of might
 e - a potion of flight
 g - a potion of attraction {unknown}


   Skills:
 + Level 3.9 Fighting
 + Level 3.1 Axes
 + Level 4.1 Armour
 + Level 3.9 Shields


You had 3 spell levels left.
You didn't know any spells.
Your spell library contained the following spells:

 Spells                   Type           Power      Damage    Failure   Level
 Sting                    Tmut/Pois      0%         1d3       100%        1
 Corpse Rot               Necr/Air       0%         N/A       100%        2
 Poisonous Vapours        Pois/Air       0%         N/A       100%        2
 Ignite Poison            Fire/Tmut/Pois 0%         N/A       100%        3
 Mephitic Cloud           Conj/Pois/Air  0%         N/A       100%        3
 Olgreb's Toxic Radiance  Pois           0%         N/A       100%        4
 Freezing Cloud           Conj/Ice/Air   0%         6-21      100%        5


Dungeon Overview and Level Annotations

Branches:
Dungeon (2/15)

Altars:

Shops:
D:1 :

Annotations:
D:2 1 runed translucent door, Crazy Yiuf


Innate Abilities, Weirdness & Mutations

You are immune to sickness and miasma.
Your stone body is resilient. (AC +3)
You are immune to poison.
You resist negative energy. (rN+)
You are resistant to electric shocks. (rElec)
You are resistant to unholy torment.
You are immune to petrification.
You have a pair of small antennae on your head.
You are agile. (Dex +2)
You are weak. (Str -2)
You have hidden genetic potential.


Message History

You kill the jackal!
You slash the jackal!
You kill the jackal!
You slash the goblin!
You kill the goblin!
You hit the worm.
The worm is moderately wounded.
The worm barely misses you.
You slash the worm!
The worm is almost dead.
The worm bites you but does no damage.
You hit the worm.
You kill the worm!
You start waiting.
A gnoll is nearby!
A gnoll is nearby!
The gnoll shouts!
You hear a shout! x2
Items here: )) ††††.
There is a stone staircase leading up here.
You closely miss the gnoll. The gnoll barely misses you.
You closely miss the gnoll.
A gnoll comes into view. It is wielding a +0 club.
The gnoll hits you with a +0 flail! The gnoll hits you with a +0 flail.
You barely miss the gnoll.
The gnoll shouts!
The gnoll hits you but does no damage. The gnoll hits you but does no damage.
The gnoll barely misses you.
You climb upwards.
There is a stone staircase leading down here.
You are too injured to fight recklessly!
You hit the gnoll.
The gnoll is moderately wounded.
The gnoll hits you with a +0 flail!
* * * LOW HITPOINT WARNING * * *
You barely miss the gnoll.
The gnoll is moderately wounded.
The gnoll hits you with a +0 flail.
* * * LOW HITPOINT WARNING * * *
The gnoll hits you with a +0 flail.
You die...

###....# #.........)>).# #...###.
# #.#### #.####...########.##....
# #.# #.#........#....#....... #
#.# #......#.#.#.##.###.....
###.# ######.###.#.#.##.##....#.
....# #......# #.#.#.##.##..#...
########.########.#..........###.
..................#.####.##.#....
#######÷##......@g.......##.#.##.
###........#.........##..##...##÷
..#.###.#..#.......#.#......####.
.##.....#..#..#...........#.####.
..###...#..#....#..#######....##.
..# #.#.#####.#.#...........#.##.
#.# #...#.....#....#######.##.##.
#.###.###.#####.#### #....#.###
#...#.# #.......# #.#..#.#


You could see a gnoll.

Vanquished Creatures
  An adder (D:2)
  4 gnolls
  A worm (D:2)
  3 dart slugs
  2 bats
  9 endoplasms
  2 giant cockroaches
  5 goblins
  4 hobgoblins
  4 jackals (D:2)
  3 ball pythons
  3 frilled lizards
  4 kobolds (D:1)
  6 rats (D:1)
  A spectral goblin (D:2)
52 creatures vanquished.

Notes
Turn   | Place    | Note
-------+----------+-------------------------------------------
     0 | D:1      | bande the Gargoyle Fighter began the quest for the Orb.
     0 | D:1      | Reached XP level 1. HP: 14/14 MP: 1/1
   228 | D:1      | Reached XP level 2. HP: 18/19 MP: 2/2
   602 | D:1      | Gained mutation: You are weak. (Str -2) [potion of
                  | mutation]
   602 | D:1      | Gained mutation: You have hidden genetic potential. [potion
                  | of mutation]
   602 | D:1      | Gained mutation: You have a pair of small antennae on your
                  | head. [potion of mutation]
   609 | D:1      | Reached XP level 3. HP: 17/23 MP: 3/3
   615 | D:1      | Found Loremar's Book Shop.
  1106 | D:2      | Found a faded altar of an unknown god.
  1261 | D:2      | Reached XP level 4. HP: 29/29 MP: 4/4
  1272 | D:2      | Identified the +0 ring mail "Urasel" {-Cast rElec SInv}
  1852 | D:1      | Reached skill level 4 in Armour
  1852 | D:1      | Gained mutation: You are agile. (Dex +2) [hidden potential]
  2162 | D:2      | Found a runed translucent door.
  2163 | D:2      | Noticed Crazy Yiuf
  2427 | D:1      | Slain by a gnoll

Illustrated notes

Levels and vault maps discovered:
D:1:      lemuel_arrival_broad_hall, layout_basic, serial_shops, shop
D:2:      layout_basic, dreamdust_ecumenical_altar_drowned_temple,
          uniq_crazy_yiuf_cottage

Skill      XL: |  1  2  3  4 |
---------------+-------------+-----
Axes           | 2 3 |  3.1
Armour         | 4 |  4.1
Fighting       | |  3.9
Shields        | |  3.9

Action                   |  1- 3 |  4- 6 || total
-------------------------+-------+-------++-------
Melee: War axe           |    66 |    58 ||   124
  Use: Scroll            |     7 |       ||     7
       Potion            |     1 |       ||     1
Armor: Scale mail        |    19 |       ||    19
       Plate armour      |    28 |    44 ||    72
Dodge: Dodged            |    19 |    19 ||    38
Block: Buckler           |    21 |    12 ||    33

Table legend: (Time is in decaauts)
 A = Elapsed time spent in this place.
 B = Non-inter-level travel time spent in this place.
 C = Inter-level travel time spent in this place.
 D = Time resting spent in this place.
 E = Time spent auto-exploring this place.
 F = Levels seen in this place.
 G = Mean time per level.
                   A        B        C        D        E       F      G
               +--------+--------+--------+--------+--------+-----+--------+
         Total |   2490 |   2490 |      0 |    779 |   1253 |   2 | 1245.0 |
       Dungeon |   2490 |   2490 |      0 |    779 |   1253 |   2 | 1245.0 |
               +--------+--------+--------+--------+--------+-----+--------+

Top non-repeatable levels by time:
     D:1: 1831 daAuts
     D:2: 659 daAuts
